 Dungeon Crawl Stone Soup version 0.29.1-15-g9cfb28693d (webtiles) character file.

Game seed: 10302691451824741322

441 Heoruswealwe the Geomancer (level 6, -2/32 HPs)
             Began as a Deep Elf Earth Elementalist on May 2, 2023.
             Killed by a bolt of acid (34 damage)
             ... invoked by the enmity of Fedhas Madash
             ... on level 4 of the Dungeon on May 3, 2023.
             The game lasted 00:31:40 (3058 turns).

Heoruswealwe the Geomancer (DEEE)                   Turns: 3058, Time: 00:31:41

Health: -2/32      AC:  4    Str:  5    XL:     6   Next: 70%
Magic:  12/12      EV: 12    Int: 22    God:
Gold:   215        SH:  0    Dex: 15    Spells: 1/11 levels left

rFire   . . .      SeeInvis +   b - +4 short sword
rCold   . . .      Faith    .   (no shield)
rNeg    . . .      Spirit   .   c - +0 robe
rPois   .          Reflect  .   (no helmet)
rElec   .          Harm     .   (no cloak)
rCorr   .          Rampage  .   f - +0 pair of gloves
Will    .....                   e - +0 pair of boots
Stlth   ++........              (no amulet)
HPRegen 0.10/turn               k - ring of see invisible
MPRegen 0.13/turn               (no ring)

@: no status effects
A: no striking features
a: no special abilities


You were on level 4 of the Dungeon.
You visited 1 branch of the dungeon, and saw 4 of its levels.

You collected 215 gold pieces.

Inventory:

Hand Weapons
 b - a +4 short sword (weapon)
Armour
 c - a +0 robe (worn)
 e - a +0 pair of boots (worn)
 f - a +0 pair of gloves (worn)
 l - a +0 robe
 u - a +0 robe
Jewellery
 k - a ring of see invisible (left hand)
Wands
 t - a wand of digging (5)
Scrolls
 g - a scroll of enchant weapon
 h - a scroll of vulnerability {unknown}
 j - a scroll of fear {unknown}
 m - a scroll of butterflies {unknown}
 p - a scroll of teleportation {unknown}
 r - a scroll of blinking {unknown}
Potions
 a - a potion of magic
 d - a potion of haste
 i - a potion of heal wounds {unknown}
 n - a potion of lignification {unknown}
 o - a potion of invisibility {unknown}
 q - a potion of brilliance {unknown}
 s - a potion of ambrosia {unknown}
 v - a potion of mutation {unknown}


   Skills:
 - Level 2.4 Dodging
 - Level 2.4 Stealth
 - Level 3.0 Spellcasting
 - Level 1.1 Transmutations
 + Level 8.4 Earth Magic


You had one spell level left.
You knew the following spells:

 Your Spells              Type           Power      Damage    Failure   Level
a - Sandblast             Erth           80%        2d17      1%          1
b - Stone Arrow           Conj/Erth      42%        3d9       7%          3
c - Petrify               Tmut/Erth      24%        N/A       17%         4
z - Passwall              Tmut/Erth      20%        N/A       2%          2

Your spell library contained the following spells:

 Spells                   Type           Power      Damage    Failure   Level
 Foxfire                  Conj/Fire      12%        2x1d4     12%         1
 Freeze                   Ice            12%        1d4       12%         1
 Conjure Flame            Conj/Fire      3%         6-21      36%         3
 Frozen Ramparts          Ice            6%         1d1       36%         3
 Inner Flame              Hex/Fire       3%         N/A       36%         3
 Cause Fear               Hex            1%         N/A       77%         4
 Flame Wave               Conj/Fire      3%         2d5       77%         4
 Hailstorm                Conj/Ice       3%         3d3       77%         4
 Dragon Form              Tmut           4%         N/A       100%        7
 Dragon's Call            Summ           1%         N/A       100%        9


Dungeon Overview and Level Annotations

Branches:
Dungeon (4/15)
 Temple: D:4-7

Altars:
Ashenzari
Fedhas
Hepliaklqana

Shops:
D:2 ===

Annotations:
D:4 Eustachio


Message History

You see here a +0 giant spiked club.
Found a scroll labelled XOJIBUTEFI.
Found a hazy altar of Hepliaklqana and a blossoming altar of Fedhas.
Found a broken altar of Ashenzari.
Found a glowing black potion.
v - a glowing black potion
Found 8 gold pieces.
You now have 215 gold pieces (gained 8).
A goblin comes into view. It is wielding a +0 club.
The goblin moves out of view.
The goblin shouts!
The goblin completely misses you.
The blast of sand hits the goblin!
You kill the goblin!
You see here a +0 club.
An orc comes into view. It is wielding a +0 club.
The orc moves out of view.
Found a book of Frost.
An orc comes into view. It is wielding a +0 mace.
The orc shouts!
You hear a shout!
The blast of sand hits the orc!!
You kill the orc!
The blast of sand hits the orc!!
You kill the orc!
An orc comes into view. It is wielding a +0 short sword.
Things that are here:
a +0 mace; an orc corpse The blast of sand hits the orc!
You kill the orc!
Things that are here:
a +0 short sword; a +0 scale mail; an orc corpse You see here a +0 club.
You pick up a book of Frost and begin reading...
You add the spells Freeze, Frozen Ramparts and Hailstorm to your library.
Okay, then.
Found a stone staircase leading down.
Fedhas invokes nature against you. The bolt of acid hits you!!
Ouch! That really hurt!
You die...

############
.......@...#
##########.#
#.#######
#.......#######
######........#
...........###.#
>######...## #.#
##.## #.# #.#
#.#


You could see the enmity of Fedhas Madash (unaware).

Vanquished Creatures
  An ogre (D:4)
  A sky beast (D:4)
  A hound (D:4)
  An orc priest (D:4)
  2 orc wizards (D:4)
  5 adders
  2 worms
  3 dart slugs
  13 orcs
  8 endoplasms
  2 giant cockroaches
  4 goblins
  6 hobgoblins
  7 jackals (D:3)
  7 quokkas
  5 ball pythons
  7 bats
  4 frilled lizards
  7 kobolds
  11 rats
97 creatures vanquished.

Vanquished Creatures (others)
  6 fungi (D:1)
  14 plants (D:1)
20 creatures vanquished.

Grand Total: 117 creatures vanquished

Notes
Turn   | Place    | Note
-------+----------+-------------------------------------------
     0 | D:1      | Heoruswealwe the Deep Elf Earth Elementalist began the
                  | quest for the Orb.
     0 | D:1      | Reached XP level 1. HP: 10/10 MP: 6/6
   331 | D:1      | Reached XP level 2. HP: 15/15 MP: 2/8
   334 | D:1      | Learned a level 2 spell: Passwall
   359 | D:1      | Found a faded altar of an unknown god.
   381 | D:1      | Prayed at the altar of an unknown god.
   381 | D:1      | Became a worshipper of Fedhas Madash
   381 | D:1      | Reached * piety under Fedhas
   382 | D:1      | Fell from the grace of Fedhas
   469 | D:1      | Reached skill level 4 in Earth Magic
   848 | D:2      | Found Weonoin's Jewellery Boutique.
   853 | D:2      | Found Fomm's Jewellery Emporium.
   856 | D:2      | Reached XP level 3. HP: 19/19 MP: 6/9
   887 | D:2      | Found Ymehemuit's Jewellery Shoppe.
   942 | D:2      | Reached skill level 5 in Earth Magic
   968 | D:2      | Learned a level 3 spell: Stone Arrow
   976 | D:2      | Reached XP level 4. HP: 24/24 MP: 4/10
  1709 | D:3      | Reached skill level 6 in Earth Magic
  2218 | D:4      | Reached XP level 5. HP: 28/28 MP: 8/11
  2261 | D:4      | Reached skill level 7 in Earth Magic
  2264 | D:4      | Noticed a sky beast
  2267 | D:4      | Noticed Eustachio
  2664 | D:4      | Killed a sky beast
  2665 | D:4      | Reached XP level 6. HP: 30/32 MP: 9/12
  2726 | D:4      | Learned a level 4 spell: Petrify
  2781 | D:4      | Reached skill level 8 in Earth Magic
  2784 | D:4      | Found a hazy altar of Hepliaklqana.
  2784 | D:4      | Found a blossoming altar of Fedhas.
  2785 | D:4      | Found a broken altar of Ashenzari.
  3058 | D:4      | Killed by a bolt of acid

Illustrated notes

Levels and vault maps discovered:
D:1:      ebering_trefoil_3fold, layout_basic,
          shapermc_ecumenical_altar_mp_ritualfount
D:2:      layout_rooms, serial_shops, shop, shop_fountains, shop
D:3:      wad_river_or_something, layout_basic
D:4:      layout_loops_ring, nicolae_overflow_hidden_temple,
          uniq_crazy_yiuf_cottage, uniq_ijyb, uniq_eustachio

Skill      XL: |  1  2  3  4  5  6 |
---------------+-------------------+-----
Earth Magic    | 4 5 6 7 8 |  8.4
Dodging        | |  2.4
Stealth        | |  2.4
Spellcasting   | |  3.0
Transmutations | |  1.1

Action                   |  1- 3 |  4- 6 || total
-------------------------+-------+-------++-------
Melee: Falchion          |    77 |       ||    77
       Punch             |     5 |       ||     5
       Short sword       |       |     2 ||     2
 Cast: Sandblast         |    48 |    86 ||   134
       Passwall          |       |     7 ||     7
Invok: Renounce Religion |     1 |       ||     1
  Use: Scroll            |     5 |       ||     5
       Potion            |       |     1 ||     1
Armor: Robe              |     2 |     7 ||     9
Dodge: Dodged            |     2 |    17 ||    19
